[Event "FIDE Zonal 2.5-W 2019"]
[Site "Montevideo"]
[Date "2019.04.16"]
[Round "6.6"]
[White "Malan, Lucia"]
[Black "Reyes Jara, Paula"]
[Result "1-0"]
[ECO "C84"]
[WhiteElo "1877"]
[BlackElo "1926"]
[Annotator "NA RC"]
[PlyCount "55"]
[EventDate "2019.04.13"]
[EventType "swiss"]
[EventCountry "URU"]
[SourceTitle "playchess.com"]
[Source "ChessBase"]
[SourceQuality "1"]
[TimeControl "40/5400+30:1800+30"]

1. e4 e5 2. Nf3 Nc6 3. Bb5 a6 4. Ba4 Nf6 5. O-O Be7 6. d4 b5 7. Bb3 Nxd4 {[%emt 0:01:01] C84: Closed Ruy Lopez: Unusual White 6th moves} (7... exd4 8. e5 Ne4 9. Bd5 Nc5 10. Nxd4 Bb7 11. Nf5 Bf8 12. Nc3 g6 13. Nh6 Bxh6 14. Bxh6 Ne6 15. Ne4 Qh4 16. Nf6+ Ke7 17. Bxe6 Nxe5 18. Bd5 Kxf6 19. Bxb7 {1-0 (32) Grischuk,A (2737)-Nepomniachtchi,I (2767) Doha 2016}) 8. Bxf7+ Kxf7 9. Nxe5+ Kf8 10. Qxd4 Qe8 $146 ({Predecessor:} 10... Bb7 $16 {was necessary.} 11. Nc3 b4 12. Nd5 c5 13. Qc4 Bd6 14. f4 Nxd5 15. exd5 {1-0 (30) Aulin Jansson,J (2181)-Odegaard,P (1958) Asker 2015}) 11. Nd3 Qg6 12. e5 Ng4 (12... Bb7 $16 13. Nf4 Qe4) 13. Nc3 Bb7 14. f3 ({Not} 14. Qxd7 Nxh2 15. Nf4 Nf3+ 16. Kh1 Nxe5 $11) 14... Nh6 15. Bxh6 gxh6 16. Qxd7 Rg8 17. Nf4 Qb6+ 18. Kh1 Bc8 19. Qxe7+ Kxe7 20. Ncd5+ Kf7 21. Nxb6 cxb6 22. Rad1 Rg5 23. Rfe1 $18 Bf5 24. e6+ Ke8 25. Nd5 Rc8 26. e7 Rxc2 27. Nf6+ Kf7 28. e8=Q+ 1-0

[Event "FIDE Zonal 2.5-W 2019"]
[Site "Montevideo"]
[Date "2019.04.16"]
[Round "6.7"]
[White "Silva Rosas, Natalia"]
[Black "Podesta, Sofia"]
[Result "1-0"]
[ECO "C00"]
[WhiteElo "1809"]
[BlackElo "1417"]
[Annotator "NA RC"]
[PlyCount "111"]
[EventDate "2019.04.13"]
[EventType "swiss"]
[EventCountry "URU"]
[SourceTitle "playchess.com"]
[Source "ChessBase"]
[SourceQuality "1"]
[TimeControl "40/5400+30:1800+30"]

1. e4 e6 2. d3 d5 3. Nd2 Nc6 4. Ngf3 Bd6 5. g3 Nf6 6. Qe2 {[%emt 0:00:30] C00: French: Unusual White 2nd moves} (6. Bg2 O-O 7. O-O Re8 8. Re1 dxe4 9. dxe4 e5 10. c3 Be6 11. Qc2 Bf8 12. Nf1 h6 13. Ne3 g6 14. Rd1 Qc8 15. Nd5 Nxd5 16. exd5 {½-½ (38) Nunes,G (1594)-Aquino,A (1920) Sao Paulo 2018}) 6... dxe4 7. dxe4 e5 $146 ({Predecessor:} 7... Nd7 8. Bg2 O-O 9. O-O b6 10. e5 Be7 11. Rd1 Bb7 12. Ne4 Qe8 {½-½ (41) Alonso Sanchez,V-Valdecantos Jimenez,C Zaragoza 2004}) 8. Nc4 O-O 9. Nxd6 Qxd6 10. Bg2 Bg4 11. c3 Rad8 12. h3 Be6 13. Bg5 Bd7 14. Rd1 Qe7 15. Qc2 h6 16. Be3 Be6 17. O-O Bc4 18. Rfe1 Rxd1 19. Qxd1 Nxe4 20. Bxh6 Nxc3 21. bxc3 gxh6 22. Qb1 Qe6 23. Nd4 Nxd4 24. cxd4 b6 25. Rxe5 Qd6 26. Qf5 Bxa2 27. Be4 Qg6 28. Qf4 Qg7 29. Rh5 f5 30. Bxf5 Bb1 31. Be6+ Kh7 32. Qe3 Bg6 33. Re5 Qf6 34. Bd5 Bf7 35. Bg2 Bg6 36. h4 h5 37. d5 a5 38. Re7+ Rf7 39. Re6 Qa1+ {[%emt 0:07:19] [#]} 40. Kh2 $1 Qb1 41. Qc3 $11 ({Better is} 41. Be4 $18 Qxe4 42. Rxe4 Bxe4 43. Qxe4+ Kh6 44. Kg2) 41... a4 $2 (41... Qc2 $11 {and Black stays safe.} 42. Qxc2 Bxc2) 42. d6 cxd6 43. Rxd6 Qb3 44. Qxb3 axb3 45. Rxb6 Bc2 46. Kg1 Rd7 47. Bf3 Rd1+ 48. Bxd1 Bxd1 49. Kf1 Kg7 50. Ke1 Bc2 51. Kd2 Kh7 52. Ke3 Kg7 53. Kf4 Bd1 54. Kg5 Kf7 55. f4 Ke7 56. f5 1-0

[Event "FIDE Zonal 2.5-W 2019"]
[Site "Montevideo"]
[Date "2019.04.17"]
[Round "7.4"]
[White "Amura, Claudia"]
[Black "Brizzi, Milagros Tatiana"]
[Result "0-1"]
[ECO "D12"]
[WhiteElo "2260"]
[BlackElo "2126"]
[Annotator "RC"]
[PlyCount "110"]
[EventDate "2019.04.13"]
[EventType "swiss"]
[EventCountry "URU"]
[SourceTitle "playchess.com"]
[Source "ChessBase"]
[SourceQuality "1"]
[TimeControl "40/5400+30:1800+30"]

1. d4 d5 2. c4 c6 3. Nf3 Nf6 4. e3 Bf5 5. Nc3 e6 6. Nh4 Bg6 7. Qb3 Qc7 8. Nxg6 hxg6 9. g3 Nbd7 10. Bg2 Be7 11. e4 dxe4 12. Nxe4 Nxe4 13. Bxe4 e5 14. Qc3 exd4 15. Qxd4 Bf6 16. Qe3 O-O 17. O-O Rfe8 18. Qf3 Qe5 19. Bc2 Nc5 20. Rb1 Qe6 21. Bb3 Rad8 22. Qf4 Nd3 23. Qf3 Ne1 24. Qe3 Qf5 25. Rxe1 Qxb1 26. Qxe8+ Rxe8 27. Rxe8+ Kh7 28. Re1 Bxb2 29. Bd2 Qf5 30. Be3 c5 31. Rd1 b6 32. h4 Bc3 33. Rd5 Qb1+ 34. Rd1 Qb2 35. Kf1 Bd4 36. Bd2 a6 37. Ke2 Kg8 38. Rc1 Bxf2 39. Rc3 Bg1 40. g4 Bh2 41. Rf3 Be5 42. h5 g5 43. Rd3 f6 44. Kd1 Qb1+ 45. Ke2 Qg1 46. Rd8+ Kf7 47. Ba4 Qxg4+ 48. Kd3 b5 49. Bb3 Ke7 50. Rd5 Qf5+ 51. Ke3 g4 52. Ba5 Bd4+ 53. Kd2 Qf2+ 54. Kc1 Qb2+ 55. Kd1 g3 0-1

[Event "FIDE Zonal 2.5-W 2019"]
[Site "Montevideo"]
[Date "2019.04.17"]
[Round "7.5"]
[White "Reyes Jara, Paula"]
[Black "Nejanky, Maisa"]
[Result "1/2-1/2"]
[ECO "A56"]
[WhiteElo "1926"]
[BlackElo "2000"]
[Annotator "NA RC"]
[PlyCount "105"]
[EventDate "2019.04.13"]
[EventType "swiss"]
[EventCountry "URU"]
[SourceTitle "playchess.com"]
[Source "ChessBase"]
[SourceQuality "1"]
[TimeControl "40/5400+30:1800+30"]

1. d4 Nf6 2. c4 c5 3. e3 g6 4. Nf3 Bg7 5. Nc3 O-O 6. Be2 d6 7. O-O Nc6 8. d5 Nb4 9. a3 {[%emt 0:00:35] E61: King's Indian: Early deviations for White, including Smyslov System} Na6 10. e4 Nc7 11. Rb1 Nd7 $146 ({Better is} 11... e6 $14) ({You set blue moves yourself with the critical opening position annotation.:} 11... a6 12. b4 cxb4 13. Rxb4 Nd7 14. Nd4 a5 15. Rb1 Na6 16. Be3 Nac5 {0-1 (46) Dergatschova Daus,A (2210)-Fuchs,A (2116) Germany 2000}) 12. Qc2 a5 13. Bd2 b6 14. h3 Ba6 15. Nd1 Ne8 16. Nh2 Nef6 17. f4 e6 18. Bc3 exd5 19. exd5 Qe7 20. Bd3 Rae8 21. b4 axb4 22. axb4 cxb4 23. Bxb4 Nc5 24. Bxc5 $1 bxc5 25. Rb6 Bc8 26. Nf3 Nd7 $2 ({Black should play} 26... Nh5 $19 27. f5 Qd8) 27. Rb1 Qd8 28. Nf2 Nf6 29. f5 (29. g4 $11) 29... Re3 30. fxg6 hxg6 31. Rbe1 Rxe1 32. Rxe1 Nh5 33. Qd2 Qf6 34. Ne4 Qd8 35. g4 Nf6 36. Qf4 Ne8 37. Qg5 Qa5 (37... Nf6 $11) 38. Qe7 (38. Qh4 $16 Qa7 39. Kh1 (39. Nfg5 Bd4+ 40. Kh1 f6 $16)) 38... Qa3 39. Be2 Ba6 40. Kg2 ({Not} 40. Nxd6 $2 Bf6 $19) 40... Bc3 $2 (40... Qb2 $11 {and Black is okay.} 41. Ned2 Bc3) 41. Rf1 (41. Rb1 $18 Bb2 42. Nfg5 (42. Nxd6 Bf6 $17)) 41... Qb2 42. Nxc3 Qxc3 {[%emt 0:00:06] [#]} 43. Ng5 (43. Nh4 $1 $16 Qg7 44. Bd3) 43... Bxc4 44. Bxc4 Qxc4 45. Rxf7 Qxd5+ {[%emt 0:00:36] Double Attack} 46. Kg3 Qe5+ 47. Qxe5 dxe5 48. Rxf8+ Kxf8 49. Ne6+ Ke7 50. Nxc5 $11 Nd6 51. Kf3 Nf7 52. h4 Kd6 53. Ne4+ 1/2-1/2

[Event "FIDE Zonal 2.5-W 2019"]
[Site "Montevideo"]
[Date "2019.04.18"]
[Round "8.1"]
[White "Gomez Barrera, Javiera Belen"]
[Black "Zuriel, Marisa"]
[Result "0-1"]
[ECO "B94"]
[WhiteElo "2016"]
[BlackElo "2153"]
[Annotator "NA"]
[PlyCount "76"]
[EventDate "2019.04.13"]
[EventType "swiss"]
[EventCountry "URU"]
[SourceTitle "playchess.com"]
[Source "ChessBase"]
[SourceQuality "1"]
[TimeControl "40/5400+30:1800+30"]

1. e4 c5 2. Nf3 d6 3. d4 cxd4 4. Nxd4 Nf6 5. Nc3 a6 6. Bg5 Nbd7 7. Bc4 Qb6 {[%emt 0:00:25] B94: Sicilian Najdorf: 6 Bg5 Nbd7} (7... h6 8. Bh4 g6 9. Qe2 Bg7 10. O-O-O O-O 11. Bb3 Qc7 12. Kb1 Rb8 13. f4 e5 14. fxe5 dxe5 15. Nf3 b5 16. g4 {1-0 (61) Nepomniachtchi,I (2751)-Korobov,A (2678) Poikovsky 2018}) 8. Qd2 e6 9. O-O Ne5 $146 ({Predecessor:} 9... Be7 10. Bxe6 fxe6 11. Nxe6 Kf7 12. Nd5 Nxd5 13. exd5 Bxg5 14. Qxg5 Qxb2 15. c3 Qxc3 {½-½ (43) Azarov,S (2584)-Dragun,K (2595) Katowice 2016}) 10. Bb3 Be7 11. a4 h6 12. Be3 Qc7 13. Qe2 O-O 14. h3 Bd7 15. f4 Nc6 16. f5 e5 17. Nf3 Nb4 18. Bf2 Rac8 19. Bh4 Bc6 20. Bxf6 Bxf6 21. Qf2 Qa5 22. Rfd1 Rfd8 23. Bd5 Bxd5 24. Rxd5 Nxd5 25. Nxd5 Rc4 26. Nxf6+ $2 (26. Re1 {is a better defense.}) 26... gxf6 27. Qh4 Kg7 ({Less strong is} 27... Rxc2 28. Qxf6 Kf8 29. Qxh6+ Ke7 30. Qg7 $11 (30. Rd1 Qc7 $11)) 28. Nh2 Qd2 29. Ra3 Qd4+ 30. Kf1 Qd1+ 31. Qe1 Qxe1+ 32. Kxe1 Rxc2 33. Rg3+ Kf8 34. Ng4 d5 35. Nxf6 dxe4 36. Nxe4 Rd4 37. Nc3 Rxb2 38. f6 Rdd2 $19 0-1

[Event "FIDE Zonal 2.5-W 2019"]
[Site "Montevideo"]
[Date "2019.04.18"]
[Round "8.3"]
[White "Perez Rodriguez, Jennifer"]
[Black "Meza, Anahi"]
[Result "1/2-1/2"]
[ECO "B40"]
[WhiteElo "2237"]
[BlackElo "2073"]
[Annotator "ChessBase"]
[PlyCount "130"]
[EventDate "2019.04.13"]
[EventType "swiss"]
[EventCountry "URU"]
[SourceTitle "playchess.com"]
[Source "ChessBase"]
[SourceQuality "1"]
[TimeControl "40/5400+30:1800+30"]

1. e4 c5 2. Nf3 e6 3. c3 Nf6 4. e5 Nd5 5. d4 cxd4 6. cxd4 d6 7. a3 Nc6 8. Bd3 Be7 9. O-O O-O 10. Qe2 dxe5 11. dxe5 f6 12. Rd1 Qc7 13. exf6 Nxf6 14. Nc3 a6 15. Bg5 e5 16. h3 Be6 17. Bc4 Bxc4 18. Qxc4+ Kh8 19. Bh4 Rac8 20. Ng5 Nd8 21. Qxc7 Rxc7 22. Bg3 Nh5 23. Nd5 Rd7 24. Nxe7 Rxe7 25. Bxe5 Rxe5 26. Rxd8 Kg8 27. Nf3 Rxd8 28. Nxe5 Rd2 29. Rc1 h6 30. b4 Nf4 31. Rc8+ Kh7 32. Rc7 b5 33. Rc6 Rd1+ 34. Kh2 Rd2 35. Rxa6 Rxf2 36. Kg3 Rf1 37. Nf3 Ne2+ 38. Kh2 Ra1 39. Ra5 Ra2 40. Rxb5 Nf4 41. Ne1 Rxa3 42. Nc2 Rd3 43. Rc5 Rd2 44. Ne3 Re2 45. Rc3 Rb2 46. Nc2 Nd5 47. Rc4 Nb6 48. Rc5 Nd7 49. Rc7 Nf6 50. Kg3 Rb3+ 51. Kf2 Nd5 52. Rc4 Rb2 53. Kf3 Nb6 54. Rc5 Nd7 55. Rd5 Nb6 56. Rb5 Nc4 57. Nd4 Rd2 58. Nc6 Rd3+ 59. Ke4 Rd2 60. Rc5 Nd6+ 61. Kf3 Rd3+ 62. Ke2 Rg3 63. Kf1 Rb3 64. Rd5 Ne4 65. Re5 Nd2+ 1/2-1/2

[Event "FIDE Zonal 2.5-W 2019"]
[Site "Montevideo"]
[Date "2019.04.18"]
[Round "8.7"]
[White "Podesta, Sofia"]
[Black "Sarquis, Maria Belen"]
[Result "0-1"]
[ECO "A46"]
[WhiteElo "1417"]
[BlackElo "2141"]
[Annotator "NA"]
[PlyCount "32"]
[EventDate "2019.04.13"]
[EventType "swiss"]
[EventCountry "URU"]
[SourceTitle "playchess.com"]
[Source "ChessBase"]
[SourceQuality "1"]
[TimeControl "40/5400+30:1800+30"]

1. d4 Nf6 2. Nf3 d6 3. Bg5 Nbd7 4. e3 e5 5. Nbd2 Be7 6. Bd3 c6 7. O-O O-O 8. Qe2 Re8 9. Rfe1 Qc7 10. c3 h6 11. Bh4 Bf8 12. dxe5 dxe5 13. e4 Nh5 14. Bg3 Nxg3 15. fxg3 Qb6+ 16. Qf2 Bc5 0-1

[Event "FIDE Zonal 2.5-W 2019"]
[Site "Montevideo"]
[Date "2019.04.19"]
[Round "9.1"]
[White "Zuriel, Marisa"]
[Black "Perez Rodriguez, Jennifer"]
[Result "0-1"]
[ECO "C50"]
[WhiteElo "2153"]
[BlackElo "2237"]
[Annotator "NA"]
[PlyCount "84"]
[EventDate "2019.04.13"]
[EventType "swiss"]
[EventCountry "URU"]
[SourceTitle "playchess.com"]
[Source "ChessBase"]
[SourceQuality "1"]
[TimeControl "40/5400+30:1800+30"]

1. e4 e5 2. Nf3 Nc6 3. Bc4 Bc5 4. O-O Nf6 5. d3 d6 6. c3 a5 7. Nbd2 O-O 8. h3 h6 9. Re1 Be6 10. Bb5 Qb8 11. Nf1 Qa7 12. Qe2 a4 13. Bxc6 bxc6 14. Ng3 Rfe8 15. Nh4 d5 16. Qf3 Kh7 17. Nhf5 Ng8 18. Be3 d4 19. cxd4 exd4 20. Bc1 g6 21. Nh4 Be7 22. Nhf5 gxf5 23. Nxf5 Qa5 24. Rd1 Bxf5 25. exf5 Qd5 26. Qh5 Ra5 27. g4 Bd6 28. Bd2 Raa8 29. Re1 Kg7 30. g5 hxg5 31. Qxg5+ Kf8 32. Qh5 Be5 33. Rac1 Rab8 34. a3 c5 35. Re4 Bg7 36. Rxe8+ Kxe8 37. Qh7 Kf8 38. Bf4 Nf6 39. Qh4 Qxf5 40. Bxc7 Rc8 41. Bd6+ Kg8 42. Rd1 Qh5 0-1

[Event "FIDE Zonal 2.5-W 2019"]
[Site "Montevideo"]
[Date "2019.04.19"]
[Round "9.2"]
[White "Nejanky, Maisa"]
[Black "Vargas, Gabriela"]
[Result "1/2-1/2"]
[ECO "C10"]
[WhiteElo "2000"]
[BlackElo "2130"]
[Annotator "NA"]
[PlyCount "125"]
[EventDate "2019.04.13"]
[EventType "swiss"]
[EventCountry "URU"]
[SourceTitle "playchess.com"]
[Source "ChessBase"]
[SourceQuality "1"]
[TimeControl "40/5400+30:1800+30"]

1. e4 e6 2. d4 d5 3. Nc3 h6 4. Nf3 Nf6 5. Bd3 Bb4 6. e5 Ne4 7. Bd2 Nxd2 8. Qxd2 c5 9. a3 Qa5 10. O-O Bxc3 11. Qxc3 Qxc3 12. bxc3 c4 13. Be2 b5 14. Nd2 Bd7 15. f4 Nc6 16. g4 a5 17. Nf3 Rb8 18. Kf2 b4 19. axb4 axb4 20. cxb4 Rxb4 21. Ra8+ Rb8 22. Rxb8+ Nxb8 23. Ra1 Kd8 24. Ra7 Nc6 25. Ra8+ Bc8 26. f5 Kc7 27. fxe6 fxe6 28. Ke3 Kb7 29. Ra1 Ne7 30. h4 g6 31. c3 Rf8 32. Rg1 Kc7 33. Bd1 Bd7 34. Bc2 Ra8 35. Kd2 Rf8 36. Ke3 Ra8 37. Kd2 Rf8 38. Ke2 Ra8 39. Ne1 Rf8 40. Ng2 Ra8 41. Rf1 Ra2 42. Kd2 Ba4 43. Ne3 h5 44. Rf7 Kd7 45. gxh5 gxh5 46. Kc1 Ke8 47. Rh7 Bxc2 48. Nxc2 Nf5 49. Rxh5 Kf7 50. Rh8 Kg7 51. Re8 Kf7 52. Rh8 Kg7 53. Rb8 Nxh4 54. Kb1 Ra4 55. Nb4 Ng6 56. Nc6 Nf4 57. Nd8 Kg6 58. Rb6 Kf5 59. Nb7 Nd3 60. Nd8 Nf4 61. Nb7 Nd3 62. Nd8 Nf4 63. Nb7 {[%emt 0:00:28] Kxe5} 1/2-1/2

[Event "FIDE Zonal 2.5-W 2019"]
[Site "Montevideo"]
[Date "2019.04.19"]
[Round "9.3"]
[White "Amura, Claudia"]
[Black "Gomez Barrera, Javiera Belen"]
[Result "1/2-1/2"]
[ECO "E61"]
[WhiteElo "2260"]
[BlackElo "2016"]
[Annotator "NA"]
[PlyCount "72"]
[EventDate "2019.04.13"]
[EventType "swiss"]
[EventCountry "URU"]
[SourceTitle "playchess.com"]
[Source "ChessBase"]
[SourceQuality "1"]
[TimeControl "40/5400+30:1800+30"]

1. d4 Nf6 2. c4 g6 3. Nc3 Bg7 4. Nf3 O-O 5. Bg5 d6 6. e3 c5 7. Be2 h6 8. Bh4 g5 9. Bg3 Nh5 10. Nd2 Nxg3 11. hxg3 cxd4 12. exd4 Nc6 13. Nb3 e5 14. dxe5 dxe5 15. O-O Nd4 16. Nxd4 exd4 17. Ne4 f5 18. Nc5 Qc7 19. Nb3 d3 20. Qxd3 Bxb2 21. Rad1 Be6 22. Nd4 Bxd4 23. Qxd4 g4 24. Qe3 Rf6 25. Rd4 Bf7 26. Rfd1 Re8 27. Qd2 Qc5 28. Rd7 Re7 29. Rd8+ Kg7 30. Bd3 Re8 31. Rd7 Re7 32. Rd8 Re8 33. Rd7 Re7 34. Rxe7 Qxe7 35. Qa5 b6 36. Qc3 Qc5 1/2-1/2

[Event "FIDE Zonal 2.5-W 2019"]
[Site "Montevideo"]
[Date "2019.04.19"]
[Round "9.5"]
[White "Malan, Lucia"]
[Black "Brizzi, Milagros Tatiana"]
[Result "1/2-1/2"]
[ECO "B19"]
[WhiteElo "1877"]
[BlackElo "2126"]
[Annotator "NA"]
[PlyCount "47"]
[EventDate "2019.04.13"]
[EventType "swiss"]
[EventCountry "URU"]
[SourceTitle "playchess.com"]
[Source "ChessBase"]
[SourceQuality "1"]
[TimeControl "40/5400+30:1800+30"]

1. e4 c6 2. d4 d5 3. Nd2 dxe4 4. Nxe4 Bf5 5. Ng3 Bg6 6. Nf3 Nd7 7. h4 h6 8. h5 Bh7 9. Bd3 Bxd3 10. Qxd3 e6 11. Bf4 Qa5+ 12. Bd2 Bb4 13. a3 Bxd2+ 14. Qxd2 Qd5 15. Qb4 b5 16. O-O-O a5 17. Qc3 Ne7 18. Ne5 O-O 19. Nxd7 Qxd7 20. Ne4 Qd5 21. f3 Rfb8 22. Qd3 Rd8 23. g4 b4 24. g5 1/2-1/2

[Event "FIDE Zonal 2.5-W 2019"]
[Site "Montevideo"]
[Date "2019.04.19"]
[Round "9.6"]
[White "Meza, Anahi"]
[Black "Podesta, Sofia"]
[Result "1-0"]
[ECO "A90"]
[WhiteElo "2073"]
[BlackElo "1417"]
[Annotator "NA"]
[PlyCount "39"]
[EventDate "2019.04.13"]
[EventType "swiss"]
[EventCountry "URU"]
[SourceTitle "playchess.com"]
[Source "ChessBase"]
[SourceQuality "1"]
[TimeControl "40/5400+30:1800+30"]

1. d4 e6 2. c4 f5 3. g3 Nf6 4. Bg2 d5 5. Nc3 c6 6. Nh3 Bd6 7. O-O O-O 8. Bf4 Ne4 9. Qc2 Bxf4 10. Nxf4 Qf6 11. cxd5 Nxc3 12. bxc3 exd5 13. c4 dxc4 14. Qxc4+ Qf7 15. Qc3 Nd7 16. d5 Qf6 17. Qb3 Kh8 18. Ne6 Rf7 19. dxc6 Nb6 20. Nd8 1-0

[Event "FIDE Zonal 2.5-W 2019"]
[Site "Montevideo"]
[Date "2019.04.19"]
[Round "9.7"]
[White "Sarquis, Maria Belen"]
[Black "Reyes Jara, Paula"]
[Result "1/2-1/2"]
[ECO "B12"]
[WhiteElo "2141"]
[BlackElo "1926"]
[Annotator "NA"]
[PlyCount "73"]
[EventDate "2019.04.13"]
[EventType "swiss"]
[EventCountry "URU"]
[SourceTitle "playchess.com"]
[Source "ChessBase"]
[SourceQuality "1"]
[TimeControl "40/5400+30:1800+30"]

1. e4 c6 2. d4 d5 3. e5 Bf5 4. c3 e6 5. Be3 Nd7 6. f4 h5 7. g3 Qb6 8. b3 Be7 9. Be2 g6 10. Nd2 Nh6 11. h3 Qa5 12. b4 Qa3 13. Qb3 Qxb3 14. axb3 Rg8 15. Ngf3 f6 16. exf6 Nxf6 17. Ng5 Nf7 18. Nxf7 Kxf7 19. Bf3 a6 20. Ke2 Rg7 21. Kf1 Bd3+ 22. Kg2 Ne8 23. g4 Nd6 24. Kg3 Bd8 25. Ra2 Bc7 26. Kg2 Ke7 27. Kf2 h4 28. Be2 Be4 29. Rf1 Rf8 30. Kg1 Rh7 31. Raa1 Kd7 32. c4 Rhf7 33. Rf2 Bc2 34. Raf1 Ne4 35. Nxe4 Bxe4 36. Bc1 Bc2 37. Rf3 1/2-1/2